 Seeded DCSS version 0.26-a0-1042-g613af4b (webtiles) character file.

Game seed: 8488764876569385029 (custom seed)

2105153 araganzar the Acrobat (level 27, 165/165 HPs)
             Began as a Spriggan Wanderer on Dec 6, 2020.
             Was the Champion of Hepliaklqana.
             Escaped with the Orb
             ... and 4 runes on Dec 11, 2020!
             The game lasted 09:40:13 (87339 turns).

araganzar the Acrobat (Spriggan Wanderer)          Turns: 87339, Time: 09:40:14

Health: 165/165    AC: 34    Str: 12    XL:     27
Magic:  41/48      EV: 40    Int: 42    God:    Hepliaklqana [******]
Gold:   4620       SH: 12    Dex: 22    Spells: 1/66 levels left

rFire    + . .     SeeInvis +   a - +10 dagger "Potoaq" {freeze, Int+5}
rCold    + . .     Faith    .   T - +3 buckler {rC+}
rNeg     + + .     Spirit   .   (armour currently unavailable)
rPois    ∞         Reflect  .   y - +0 hat of Day {Regen+ Dex+3}
rElec    +         Harm     .   o - +2 cloak {Will+}
rCorr    .         Rampage  .   (gloves unavailable)
Will     ++++.                  (boots unavailable)
Stlth    +++.......             w - amulet of Wirch {Regen+ Int+4 Dex+4}
HPRegen  1.17/turn              Y - ring of Aproesm {rElec rF+ Will- Int+9 SInv}
MPRegen  0.31/turn              l - ring "Liriolon" {rPois rN+ Int+6 Dex-3 Slay+5}

@: statue-form, very slow
A: very small, unfitting armour, reduced essence, see invisible, clumsy 1,
deformed body
0: Orb of Zot
}: 4/15 runes: decaying, silver, abyssal, gossamer
a: End Transformation, Recall Ancestor, Ancestor Identity, Transference,
Idealise, Renounce Religion


You escaped.
You worshipped Hepliaklqana.
Hepliaklqana was exalted by your worship.
You were a stone statue.
You visited 11 branches of the dungeon, and saw 53 of its levels.
You visited the Abyss 2 times.
You visited 1 bazaar.
You also visited: Bailey.

You collected 11197 gold pieces.
You spent 6577 gold pieces at shops.


Innate Abilities, Weirdness & Mutations

You are very small and have problems with some larger weapons.
You are too small for most types of armour.
You have supernaturally acute eyesight. (SInv)
((You cover ground extremely quickly.))
Your life essence is reduced to manifest your ancestor. (-10% HP)
You are clumsy. (Dex -2)
Armour fits poorly on your strangely shaped body.


   Skills:
 + Level 13.7 Fighting
 - Level 10.2(14.4) Short Blades
 - Level 13.2(14.0) Long Blades
 - Level 1.0 Maces & Flails
 - Level 5.7(6.0) Slings
 - Level 1.7(3.4) Throwing
 - Level 6.8 Armour
 + Level 23.2 Dodging
 - Level 18.0 Stealth
 + Level 8.6 Shields
 - Level 20.0 Spellcasting
 - Level 12.0 Conjurations
 - Level 16.0 Hexes
 - Level 11.0 Summonings
 - Level 8.0 Necromancy
 - Level 12.0 Translocations
 - Level 16.0 Transmutations
 - Level 4.0 Ice Magic
 - Level 6.0 Air Magic
 - Level 13.0 Earth Magic
 - Level 5.0 Poison Magic
 - Level 8.1 Invocations
 - Level 14.0 Evocations


You had one spell level left.
You knew the following spells:

 Your Spells              Type           Power        Failure   Level
a - Lehudib's Crystal Sp  Conj/Erth      #######...   22%         8
b - Freezing Cloud        Conj/Ice/Air   #######...   4%          6
c - Statue Form           Tmut/Erth      ########.    1%          6
d - Death Channel         Necr           #######...   3%          6
e - Malign Gateway        Summ/Tloc      #######...   4%          7
f - Iron Shot             Conj/Erth      #######...   1%          6
i - Invisibility          Hex            ########     1%          6
o - Apportation           Tloc           ######       0%          1
p - Blink                 Tloc           N/A          0%          2
s - Silence               Hex/Air        #######...   1%          5
v - Summon Mana Viper     Hex/Summ       ########     1%          5
z - Spellforged Servitor  Conj/Summ      #######...   4%          7

Your spell library contained the following spells:

 Spells                   Type           Power        Failure   Level
 Beastly Appendage        Tmut           ######       0%          1
 Corona                   Hex            #######      0%          1
 Magic Dart               Conj           ####         0%          1
 Sandblast                Erth           ######       0%          1
 Shock                    Conj/Air       ####         0%          1
 Sting                    Tmut/Pois      ####         0%          1
 Summon Small Mammal      Summ           ####         0%          1
 Animate Skeleton         Necr           ######       1%          1
 Foxfire                  Conj/Fire      ####         1%          1
 Freeze                   Ice            ####         1%          1
 Pain                     Necr           ####         1%          1
 Call Imp                 Summ           #######.     0%          2
 Ensorcelled Hibernation  Hex/Ice        ######       0%          2
 Passwall                 Tmut/Erth      ########     0%          2
 Searing Ray              Conj           ######       0%          2
 Slow                     Hex            ########     0%          2
 Wereblood                Tmut           ########     0%          2
 Confusing Touch          Hex            ########     0%          3
 Dazzling Flash           Conj/Hex       ######       0%          3
 Gell's Gravitas          Tloc           #######...   0%          3
 Lesser Beckoning         Tloc           #######...   0%          3
 Portal Projectile        Hex/Tloc       ######       0%          3
 Stone Arrow              Conj/Erth      ######       0%          3
 Summon Guardian Golem    Hex/Summ       ########     0%          3
 Teleport Other           Tloc           #######.     0%          3
 Tukima's Dance           Hex            ########     0%          3
 Cause Fear               Hex            ########..   0%          4
 Leda's Liquefaction      Hex/Erth       ########..   0%          4
 Petrify                  Tmut/Erth      ########     0%          4
 Corpse Rot               Necr/Air       N/A          1%          2
 Poisonous Vapours        Pois/Air       ######       1%          2
 Sublimation of Blood     Necr           #######...   1%          2
 Call Canine Familiar     Summ           #######.     1%          3
 Conjure Flame            Conj/Fire      #######.     1%          3
 Frozen Ramparts          Ice            ######       1%          3
 Ignite Poison            Fire/Tmut/Pois #######.     1%          3
 Inner Flame              Hex/Fire       #######.     1%          3
 Mephitic Cloud           Conj/Pois/Air  #######.     1%          3
 Ozocubu's Armour         Ice            ######..     1%          3
 Spider Form              Tmut/Pois      #######...   1%          3
 Vampiric Draining        Necr           #######...   1%          3
 Airstrike                Air            #######...   1%          4
 Animate Dead             Necr           #######...   1%          4
 Dispel Undead            Necr           #######.     1%          4
 Fulminant Prism          Conj/Hex       ########..   1%          4
 Hailstorm                Conj/Ice       #######.     1%          4
 Ice Form                 Ice/Tmut       #######.     1%          4
 Iskenderun's Mystic Bla  Conj/Tloc      #######.     1%          4
 Passage of Golubria      Tloc           N/A          1%          4
 Sticky Flame             Conj/Fire      #######.     1%          4
 Summon Ice Beast         Ice/Summ       #######.     1%          4
 Summon Lightning Spire   Summ/Air       #######.     1%          4
 Agony                    Necr           #######.     1%          5
 Alistair's Intoxication  Tmut/Pois      #######..    1%          5
 Blade Hands              Tmut           ########..   1%          5
 Bolt of Magma            Conj/Fire/Erth #######...   1%          5
 Excruciating Wounds      Necr           #######...   1%          5
 Fireball                 Conj/Fire      #######...   1%          5
 Iskenderun's Battlesphe  Conj           #######.     1%          5
 Lee's Rapid Deconstruct  Erth           ########..   1%          5
 Metabolic Englaciation   Hex/Ice        #######...   1%          5
 Yara's Violent Unravell  Hex/Tmut       ########..   1%          5
 Conjure Ball Lightning   Conj/Air       #######...   1%          6
 Shadow Creatures         Summ           N/A          1%          6
 Dragon Form              Tmut           ########..   1%          7
 Orb of Destruction       Conj           #######...   3%          7
 Simulacrum               Ice/Necr       #######...   7%          6
 Starburst                Conj/Fire      #######...   7%          6
 Ozocubu's Refrigeration  Ice            ######....   16%         6
 Chain Lightning          Conj/Air       #######...   65%         8
 Shatter                  Erth           ########..   95%         9
 Dragon's Call            Summ           #######...   99%         9
 Ignition                 Fire           #####.....   100%        8
 Absolute Zero            Ice            ######....   100%        9
 Fire Storm               Conj/Fire      #######...   100%        9
 Tornado                  Air            #######...   100%        9

Inventory:

Hand Weapons
 a - the +10 dagger "Potoaq" (weapon) {freeze, Int+5}
   (You found it on level 7 of the Dungeon)

   It has been specially enchanted to freeze those struck by it, causing extra
   injury to most foes and up to half again as much damage against particularly
   susceptible opponents.
   It can also slow down cold-blooded creatures.
   It affects your intelligence (+5).
 b - a +9 dagger of electrocution
   (You took it off a big kobold on level 6 of the Dungeon)
 v - a +9 vampiric dagger {none}
   (You took it off an orc wizard on level 4 of the Dungeon)
Missiles
 k - 4 curare-tipped darts (quivered)
 F - a throwing net {=f, !d}
 W - 2 stones
Armour
 o - a +2 cloak of willpower (worn)
   (You bought it in a shop on level 3 of the Depths)
 r - a +2 cloak of willpower
   (You took it off a draconian knight on level 4 of the Realm of Zot)
 y - the +0 hat of Day (worn) {Regen+ Dex+3}
   (You found it on level 15 of the Dungeon)

   It affects your dexterity (+3).
   It increases your rate of regeneration.
 Q - +6 acid dragon scales (melded)
   (You found it on level 11 of the Dungeon)
 S - the +1 hat "Sesaceps" {rPois Int+5}
   (You acquired it on level 1 of the Realm of Zot)

   It affects your intelligence (+5).
   It protects you from poison.
 T - a +3 buckler of cold resistance (worn)
   (You took it off a spriggan defender on level 5 of the Depths)
 U - quicksilver dragon scales
   (You found it on level 2 of the Realm of Zot)
Jewellery
 c - the ring "Dicudid" {rPois rC+}
   (You found it on level 2 of the Depths)

   [ring of protection from cold]

   It protects you from cold.
   It protects you from poison.
 f - the ring of Afuko {Wiz Int+4 Stlth+}
   (You acquired it on level 5 of the Vaults)

   [ring of wizardry]

   It improves your spell success rate.
   It affects your intelligence (+4).
   It makes you more stealthy.
 l - the ring "Liriolon" (right hand) {rPois rN+ Int+6 Dex-3 Slay+5}
   (You found it on level 3 of the Crypt)

   [ring of positive energy]

   It affects your intelligence (+6).
   It affects your dexterity (-3).
   It affects your accuracy and damage with ranged weapons and melee attacks
   (+5).
   It protects you from poison.
   It protects you from negative energy.
 w - the amulet of Wirch (around neck) {Regen+ Int+4 Dex+4}
   (You took it off a fire giant on level 5 of the Vaults)

   [amulet of regeneration]

   It affects your intelligence (+4).
   It affects your dexterity (+4).
   It increases your rate of regeneration.
 x - the ring "Viuxe" {rF++ rN+ Int-2 Dex+6}
   (You found it on level 3 of the Crypt)

   [ring of positive energy]

   It affects your intelligence (-2).
   It affects your dexterity (+6).
   It greatly protects you from fire.
   It protects you from negative energy.
 O - an uncursed ring of resist corrosion
   (You found it on level 3 of the Elven Halls)
 Y - the ring of Aproesm (left hand) {rElec rF+ Will- Int+9 SInv}
   (You took it off a wizard on level 3 of the Depths)

   [ring of protection from fire]

   It affects your intelligence (+9).
   It protects you from fire.
   It insulates you from electricity.
   It affects your willpower, your defense against some magical effects.
   It lets you see invisible.
Wands
 s - a wand of digging (10)
   (You found it on level 13 of the Dungeon)
 K - a wand of acid (32)
   (You bought it in a shop on level 7 of the Dungeon)
 L - a wand of iceblast (73)
   (You found it on level 11 of the Dungeon)
Scrolls
 e - 4 scrolls of holy word {!r}
 g - 9 scrolls of fear
 i - 3 scrolls of fog
 j - 22 scrolls of remove curse
 p - 22 scrolls of identify
 A - 5 scrolls of immolation {!r}
 H - 12 scrolls of teleportation
 I - 4 scrolls of blinking {!r}
 M - 4 scrolls of summoning
 V - 7 scrolls of silence
Potions
 d - a potion of cancellation
 h - 7 potions of flight
 m - 7 potions of mutation {!q}
 n - 19 potions of curing
 q - 2 potions of magic
 t - 19 potions of heal wounds
 u - 10 potions of ambrosia
 z - 9 potions of haste
 B - 14 potions of brilliance
 D - 9 potions of attraction {!q}
 E - 4 potions of invisibility
 G - 5 potions of resistance
 N - 7 potions of might
Miscellaneous
 C - a condenser vane
   (You found it on level 2 of the Lair of Beasts)
 J - a lightning rod (4/4)
   (You found it on level 3 of the Depths)
 P - a phantom mirror
   (You found it on level 15 of the Dungeon)
 R - a phial of floods
   (You found it on level 4 of the Spider Nest)
 X - a box of beasts
   (You found it on level 3 of the Elven Halls)

#..........###.##...###...
####...........##........####
#........°°..#.##..#####.# #
#.##.L..○1.☼.......#####.# #
#.##.....▒○°☼..▒.)....##.#
#.##....○▒°&☼..▒.......#.#
#.......○▒☼°○..▒.#.......#
#..####°.▒.....▒.#.......####
#..####..▒..8..▒.......#.#...
#....##..▒..R..▒..##.........
#####.#.##..▒.....▒.###...#.#...
#...........▒.....▒.###.....###.
#.##).......▒.....▒.....###.# #.
#.##.#..##..........#.......# #.
#.##.....#...########.####### #.
#........#.### ######.# #.
#.##.......#####......# #.


You could see the friendly Friggin Spriggan the hexer, Tyuxzeinau (clouds), a
Brimstone Fiend and a lich (wandering).


Message History

There is a stone staircase leading up here.
You climb upwards.
There is a stone staircase leading down here.
There is a stone staircase leading up here.
You climb upwards.
There is a stone staircase leading down here.
You see here a +0 whip.
A Brimstone Fiend and a pandemonium lord come into view.
There is a staircase leading out of the dungeon here.
Unknown command.
You turn into a living statue of rough stone.
Your +6 acid dragon scales melds into your body.
You now have 165/165 hp.
Unknown command.
Unknown command.
Friggin Spriggan is recalled.
A large abomination comes into view.
You now have 41/48 mp.
Unknown command.
Unknown command.
You're wearing all the rings you can.
Remove which one? (? for menu, Esc to cancel) < or
Y - the ring of Aproesm {rElec rF+ Will- Int+9 SInv} > or
x - the ring "Viuxe" {rF++ rN+ Int-2 Dex+6} You remove the ring "Viuxe" {rF++ rN+ Int-2 Dex+6}.
You feel clever.
You feel clumsy.
l - the ring "Liriolon" (right hand) {rPois rN+ Int+6 Dex-3 Slay+5} Unknown command.
You have escaped!

Action                   |  1- 3 |  4- 6 |  7- 9 | 10-12 | 13-15 | 16-18 | 19-21 | 22-24 | 25-27 || total
-------------------------+-------+-------+-------+-------+-------+-------+-------+-------+-------++-------
Melee: Dagger            |    90 |    62 |   272 |  1001 |  1687 |  1750 |  1515 |  2359 |  1810 || 10546
       Short sword       |       |       |     9 |       |       |       |       |       |       ||     9
       Unarmed           |       |       |     3 |       |       |       |       |       |       ||     3
       Headbutt          |       |       |       |       |     3 |       |       |       |       ||     3
       Kick              |       |       |       |       |     1 |       |       |       |       ||     1
       Double sword      |       |       |       |       |       |       |       |   105 |       ||   105
 Fire: Hunting sling     |     6 |   150 |    90 |    44 |    63 |       |       |       |       ||   353
Throw: Dart              |       |       |    39 |    20 |   143 |       |     4 |    10 |     3 ||   219
       Throwing net      |       |       |       |       |       |     5 |     3 |     3 |       ||    11
 Cast: Confusing Touch   |       |       |       |    74 |   120 |    87 |    23 |    24 |     2 ||   330
       Dazzling Flash    |       |       |       |     9 |    20 |    23 |    39 |    15 |     2 ||   108
       Animate Skeleton  |       |       |       |     1 |     6 |     8 |     6 |       |       ||    21
       Corona            |       |       |       |       |     5 |       |       |       |       ||     5
       Slow              |       |       |       |       |     8 |       |       |       |       ||     8
       Beastly Appendage |       |       |       |       |     1 |       |       |       |       ||     1
       Mephitic Cloud    |       |       |       |       |     4 |    32 |    16 |     2 |       ||    54
       Cause Fear        |       |       |       |       |       |     4 |     1 |     1 |     1 ||     7
       Statue Form       |       |       |       |       |       |    34 |    52 |    82 |   131 ||   299
       Wereblood         |       |       |       |       |       |     4 |     1 |     1 |       ||     6
       Petrify           |       |       |       |       |       |     2 |       |       |       ||     2
       Animate Dead      |       |       |       |       |       |     2 |    14 |    10 |    20 ||    46
       Metabolic Englaci |       |       |       |       |       |       |     4 |       |       ||     4
       Frozen Ramparts   |       |       |       |       |       |       |     2 |     8 |     5 ||    15
       Silence           |       |       |       |       |       |       |       |    11 |     2 ||    13
       Dispel Undead     |       |       |       |       |       |       |       |     6 |       ||     6
       Invisibility      |       |       |       |       |       |       |       |     9 |    10 ||    19
       Blink             |       |       |       |       |       |       |       |     1 |       ||     1
       Summon Mana Viper |       |       |       |       |       |       |       |     3 |    12 ||    15
       Iron Shot         |       |       |       |       |       |       |       |     1 |     9 ||    10
       Spellforged Servi |       |       |       |       |       |       |       |       |    57 ||    57
       Freezing Cloud    |       |       |       |       |       |       |       |       |     4 ||     4
       Apportation       |       |       |       |       |       |       |       |       |     1 ||     1
       Death Channel     |       |       |       |       |       |       |       |       |     3 ||     3
       Passage of Golubr |       |       |       |       |       |       |       |       |     1 ||     1
       Malign Gateway    |       |       |       |       |       |       |       |       |     1 ||     1
Invok: Recall Ancestor   |       |       |     1 |    53 |    86 |    58 |    29 |    39 |    36 ||   302
       Ancestor Identity |       |       |     1 |       |       |       |       |       |       ||     1
       Ancestor Life: He |       |       |       |     1 |       |       |       |       |       ||     1
       Transference      |       |       |       |     2 |     1 |     2 |     1 |     1 |     2 ||     9
       Idealise          |       |       |       |       |     3 |     2 |     2 |     6 |    11 ||    24
 Abil: Evoke Flight      |       |       |       |     3 |       |       |       |       |       ||     3
       Evoke Invisibilit |       |       |       |       |     5 |     2 |     2 |       |       ||     9
       End Transformatio |       |       |       |       |       |       |       |       |     1 ||     1
Evoke: Wand              |       |       |     1 |     6 |     1 |    10 |     3 |    17 |    15 ||    53
       Phantom mirror    |       |       |       |     1 |       |       |       |     1 |       ||     2
       Condenser vane    |       |       |       |       |     1 |     2 |     1 |     5 |     1 ||    10
       Phial of floods   |       |       |       |       |       |       |       |     1 |       ||     1
  Use: Scroll            |     1 |     8 |    11 |    17 |    23 |    10 |    13 |    28 |    40 ||   151
       Potion            |       |     1 |       |       |     1 |     5 |     3 |    10 |    12 ||    32
 Stab: Sleeping          |     3 |     1 |     4 |    23 |    31 |    31 |    26 |    54 |    28 ||   201
       Distracted        |     1 |     1 |       |     8 |    12 |    28 |    19 |    44 |    47 ||   160
       Paralysed         |       |       |     1 |     6 |    21 |    59 |    23 |    53 |    50 ||   213
       Confused          |       |       |       |    57 |    91 |   112 |    85 |   109 |    79 ||   533
       Fleeing           |       |       |       |     2 |       |       |       |       |       ||     2
       Invisible         |       |       |       |     4 |    28 |    21 |    26 |    43 |    38 ||   160
       Held in net/web   |       |       |       |       |       |     4 |       |     1 |       ||     5
       Petrified         |       |       |       |       |       |     1 |       |       |       ||     1
Armor: Robe              |    11 |    11 |    19 |     8 |       |       |       |       |       ||    49
       Troll leather arm |       |       |       |    20 |       |       |       |       |       ||    20
       Acid dragon scale |       |       |       |    22 |    90 |   149 |    23 |    55 |    31 ||   370
       Skin              |       |       |       |       |       |   126 |   171 |   340 |   374 ||  1011
Dodge: Dodged            |    63 |    61 |   211 |   607 |   850 |  1625 |  1166 |  2284 |  1837 ||  8704
Block: Buckler           |       |       |       |   119 |   392 |   684 |   435 |    83 |   711 ||  2424
       Rpst.: Double sword |       |       |       |       |       |       |       |    28 |       ||    28

Levels and vault maps discovered:
D:1:      minmay_arrival_semitransparent, layout_loops_cross
D:2:      layout_basic, minmay_strange_pillars, minmay_goblin_outpost
D:3:      layout_basic, uniq_crazy_yiuf_cottage
D:4:      layout_loops_ring, fedhas_altar_3, uniq_robin, uniq_duvessa,
          uniq_sigmund
D:5:      layout_basic
D:6:      cheibrodos_fertilizer, layout_rooms, gammafunk_ghost_nasty_kobolds,
          uniq_edmund, uniq_grinder
D:7:      layout_loops_corners, minmay_temple_entry_drinking_statues,
          serial_shops, nicolae_shop_behind_doors, minmay_ruffians, uniq_joseph,
          uniq_prince_ribbit1
D:8:      layout_cave_pools, kennysheep_mini
D:9:      minmay_skewed_foursquare, layout_cave_pods, uniq_maurice
D:10:     layout_roguey [special_room_orc], hiddenorc1_lemuel, basic_altar,
          serial_shops, shop, nicolae_shop_stone, nicolae_shop_waterfront
D:11:     layout_cave_pools, dpeg_oklobed_lair, lightli_bailey_entry_fortress,
          serial_shops, nicolae_shop_waterfront, portal_ice_cave_entry_imps,
          kennysheep_generic_room_3
D:12:     layout_loops_corners, uniq_nessos
D:13:     layout_stronghold, erik_vaults_1, basic_altar,
          nicolae_tso_carved_into_rock
D:14:     layout_loops_ring, minmay_misc_feat_roman, gammafunk_ghost_split,
          st_stairs_3
D:15:     hangedman_depths_entry_civil_slaughter, layout_rooms,
          gammafunk_ghost_berserking_beasts
Temple:   nicolae_temple_the_god_donut
Lair:1:   layout_regular_city, beast_lair_carwin_11, grunt_megastairs_4,
          serial_bayou_shore_b, infiniplex_staircase_pool, uniq_gastronok
Lair:2:   regret_index_tunnel_blossom, layout_regular_city
Lair:3:   layout_cave_pods, minivault_25, pond, serial_bayou_shore_b
Lair:4:   layout_long_grid, minmay_swamp_entry_reptiles,
          nicolae_spider_entry_non_spiders, gammafunk_ghost_berserking_beasts,
          st_stairs_12, grunt_forest_small_clearings,
          infiniplex_staircase_pool_2
Lair:5:   minmay_lair_venomous_thicket, layout_long_grid, lemuel_fruit_tree,
          lemuel_fruit_fields, uniq_snorg
Lair:6:   due_jungle_book, layout_regular_city, nicolae_slime_entry_slimehenge
Swamp:1:  layout_basic_swamp, gammafunk_ghost_berserking_beasts,
          evilmike_swamp_ruin_rubble_2, swamp_pool5
Swamp:2:  layout_basic_swamp, evilmike_swamp_ruin_house_5, swamp_pool3,
          wheals_swamp_sinkhole
Swamp:3:  layout_basic_swamp, nicolae_swamp_godswood
Swamp:4:  grunt_swamp_rune_castle, layout_basic_swamp, uniq_donald, uniq_roxanne
Spider:1: layout_chambers, uniq_aizul
Spider:2: layout_spider_delve, worms_lemuel, uniq_arachne
Spider:3: layout_spider_delve
Spider:4: johnstein_spider_rune_arachne_lair, drop_trap, zaba_antful_of_joy
Orc:1:    layout_diamond_mine, nicolae_orc_damp_corner
Orc:2:    pubby_orc_utopia, serial_shops
Elf:1:    eino_elf_arrival_sip, layout_loops_ring, minmay_elf_crystal_hexagon
Elf:2:    layout_loops_corners, roderic_roman_lattice
Elf:3:    grunt_elf_hall_asides, layout_gridlike, serial_shops, shop,
          nicolae_elf_m_pinch, uniq_nikola
Vaults:1: v_pattern_1, ontoclasm_vaults_fault, ontoclasm_vaults_pinch,
          vaults_mumra_lcd, hangedman_vaults_capsules, st_hourglassy,
          grunt_vaults_funnel, vaults_room_fancy_cross, hangedman_vaults_impose,
          v_misc_8, nicolae_vaults_mini_display_case, layout_vaults_ring
Vaults:2: v_misc_4, blue_anna_dwarven_crypt, nicolae_vaults_network_barrier,
          v_misc_23, vaults_mumra_hex, ontoclasm_vaults_chip,
          nicolae_vaults_rhombus_6, nicolae_vaults_diagonal_hallway_6,
          layout_vaults_chaotic_city, basic_altar, serial_shops, shop
Vaults:3: nicolae_vaults_ninety_degrees, vaults_room_guarded_vault,
          nicolae_vaults_network_star, vaults_room_boxed, v_pattern_5,
          vaults_room_stairs_pillars, v_misc_33, hangedman_vaults_pinch,
          ontoclasm_vaults_ring_square, nicolae_vaults_little_ls,
          nicolae_vaults_gold_heap, vaults_room_semicircle,
          vaults_room_fancy_cross, layout_vaults_omnibox
Vaults:4: gammafunk_vaults_ghost_necromancy, vaults_standard_mumra_x,
          ontoclasm_vaults_chip, hangedman_vaults_slither, v_misc_5,
          vaults_dpeg_ring, dpeg_vaults_waves, layout_vaults_omnigrid
Vaults:5: serial_shops
Crypt:1:  layout_chaotic_city, grunt_ministairs_3, grunt_megastairs_5
Crypt:2:  layout_gridlike
Crypt:3:  grunt_crypt_end_deaths_head
Depths:1: layout_roguey, grunt_hell_entry_dis_grunt, kennysheep_cross_landing,
          minmay_misc_feat_nine_boxes, chequers_serial_rivers_large_b,
          minivault_11, grunt_decor_one_mirror, drop_trap,
          kennysheep_generic_room_9, uniq_saint_roka
Depths:2: evilmike_negative_zone, layout_gridlike, enter_ziggurat_c,
          minmay_crystal_water, pf_hell_entry_tar_river, tgw_lugonu_bribe,
          infiniplex_staircase_diamond, grunt_megastairs_2, minmay_shop_star
Depths:3: evilmike_halls_of_destruction, layout_gridlike,
          infiniplex_staircase_zigzag_3, rand_demon_pan_entry_1, serial_shops,
          bzr_firewalk, nicolae_shop_window_shopping, shop, shop, hell_entry,
          serial_bayou_crossing, uniq_mara
Depths:4: minmay_the_grid_triangle_9x9_recursive_2
          [minmay_the_grid_triangle_9x9_prize_center,
          minmay_the_grid_triangle_9x9_shrine,
          minmay_the_grid_triangle_9x9_empty,
          minmay_the_grid_triangle_9x9_tough_junction], layout_basic,
          abyss_entry, pf_coc_iceberg, chequers_jeans,
          infiniplex_staircase_split_hallway, uniq_margery
Depths:5: grunt_runaround [grunt_runaround_doors_1, grunt_runaround_doors_2,
          grunt_runaround_doors_3, grunt_runaround_doors_4,
          grunt_runaround_zot], abyss_entry, hell_entry
Zot:1:    layout_cellular_growth
Zot:2:    layout_twisted_circle
Zot:3:    lemuel_firehouse, layout_onion_interference
Zot:4:    gammafunk_dig_for_victory, layout_onion_interference, lemuel_elevator
Zot:5:    layout_gridlike, bh_zot_ikea_curve, grunt_ministairs_11

Notes
Turn   | Place    | Note
-------+----------+-------------------------------------------
     0 | D:1      | araganzar the Spriggan Wanderer began the quest for the
                  | Orb.
     0 | D:1      | araganzar set off with the following items: a +0 dagger, a
                  | scroll of teleportation, a +2 robe; and the following spell
                  | memorised: Sandblast; and the following spells available to
                  | memorise: Stone Arrow
     0 | D:1      | Reached XP level 1. HP: 10/10 MP: 5/5
    10 | D:1      | Upgraded the game from 0.26-a0-1006-ge62661c to
                  | 0.26-a0-1007-g803384b
   122 | D:1      | Reached skill level 1 in Short Blades
   122 | D:1      | Reached skill level 1 in Stealth
   143 | D:1      | Reached skill level 2 in Dodging
   164 | D:1      | Reached XP level 2. HP: 10/14 MP: 6/6
   566 | D:1      | Reached skill level 2 in Short Blades
   766 | D:1      | Reached skill level 2 in Stealth
   766 | D:1      | Reached XP level 3. HP: 18/18 MP: 8/8
  1232 | D:2      | Reached skill level 3 in Dodging
  1294 | D:2      | Reached XP level 4. HP: 22/22 MP: 9/9
  1319 | D:2      | Reached skill level 3 in Short Blades
  1348 | D:2      | Reached skill level 3 in Stealth
  1933 | D:3      | Found a runed translucent door.
  1935 | D:3      | Noticed Crazy Yiuf
  1956 | D:3      | Killed Crazy Yiuf
  1957 | D:3      | Reached XP level 5. HP: 25/25 MP: 10/10
  2413 | D:3      | Reached skill level 4 in Dodging
  2855 | D:3      | Reached skill level 4 in Short Blades
  3100 | D:4      | Noticed an ogre
  3104 | D:4      | Reached skill level 1 in Slings
  3104 | D:4      | Reached skill level 4 in Stealth
  3424 | D:4      | Found a blossoming altar of Fedhas.
  3431 | D:4      | Reached XP level 6. HP: 30/30 MP: 11/11
  3614 | D:4      | Reached skill level 2 in Fighting
  3614 | D:4      | Reached skill level 2 in Slings
  3646 | D:4      | Noticed Robin
  3668 | D:4      | Killed Robin
  3682 | D:4      | Reached skill level 5 in Short Blades
  3752 | D:4      | Noticed Sigmund
  4298 | D:4      | Noticed Dowan
  4298 | D:4      | Noticed Duvessa
  4515 | D:5      | Entered Level 5 of the Dungeon
  4589 | D:5      | Noticed an orc warrior
  4614 | D:5      | Killed an orc warrior
  4615 | D:5      | Reached XP level 7. HP: 25/35 MP: 12/12
  4824 | D:5      | Reached skill level 3 in Fighting
  4824 | D:5      | Reached skill level 5 in Dodging
  5044 | D:5      | Reached skill level 6 in Short Blades
  5179 | D:5      | Reached skill level 6 in Dodging
  5745 | D:5      | Reached skill level 3 in Slings
  5745 | D:5      | Reached skill level 5 in Stealth
  5745 | D:5      | Reached XP level 8. HP: 40/40 MP: 13/13
  6068 | D:6      | Noticed Edmund
  6174 | D:6      | Reached skill level 6 in Stealth
  6174 | D:6      | Reached skill level 3 in Poison Magic
  6177 | D:6      | Reached skill level 4 in Slings
  6230 | D:6      | Reached skill level 4 in Poison Magic
  6304 | D:6      | Found a runed translucent gate.
  6304 | D:6      | Found a runed translucent gate.
  6304 | D:6      | Found a runed translucent gate.
  6307 | D:6      | Noticed waywinkle's ghost (novice OgEE)
  6446 | D:6      | Killed Edmund
  6534 | D:6      | Reached skill level 7 in Dodging
  6989 | D:6      | Noticed Grinder
  7064 | D:6      | Reached skill level 1 in Throwing
  7229 | D:6      | Reached skill level 5 in Slings
  7229 | D:6      | Reached XP level 9. HP: 28/44 MP: 14/14
  7392 | D:6      | Reached skill level 7 in Short Blades
  7705 | D:6      | Learned a level 3 spell: Confusing Touch
  7744 | D:6      | Killed Grinder
  7745 | D:6      | Reached skill level 3 in Spellcasting
  7745 | D:6      | Reached skill level 1 in Hexes
  7755 | D:6      | Reached skill level 8 in Dodging
  8359 | D:7      | Found a staircase to the Ecumenical Temple.
  8368 | Temple   | Entered the Ecumenical Temple
  8410 | Temple   | Became a worshipper of Hepliaklqana the Forgotten
  8694 | D:7      | Reached skill level 2 in Hexes
  9061 | D:7      | Got a warped dagger
  9062 | D:7      | Identified the +10 dagger "Potoaq" {freeze, Int+5} (You
                  | found it on level 7 of the Dungeon)
  9254 | D:7      | Reached skill level 4 in Fighting
  9254 | D:7      | Reached skill level 3 in Hexes
  9366 | D:7      | Reached skill level 8 in Short Blades
  9366 | D:7      | Reached skill level 4 in Hexes
  9366 | D:7      | araganzar: ??confusing touch
  9366 | D:7      | beem: confusing touch[1/2]: A level 1 Hexes spell that
                  | makes your hands "glow red" for 10 + d(power) / 5 (max 20)
                  | turns. While the status is up, your attacks do no damage
                  | but are slightly more accurate. If you hit a monster it has
                  | a chance to get confused, which ends the status.
  9366 | D:7      | araganzar: ??confusing touch[2
  9366 | D:7      | beem: confusing touch[2/2]: Non-living monsters and plant
                  | monsters are unconfusable. 1/5th of the time, nothing
                  | happens. Otherwise, if the monster's HD is greater than or
                  | equal to random2(24), nothing happens. Otherwise, it gets
                  | confused. If it doesn't get confused, the status doesn't
                  | end.
  9441 | D:7      | Reached skill level 5 in Hexes
  9449 | D:7      | Reached skill level 6 in Hexes
  9686 | D:7      | Learned a level 1 spell: Animate Skeleton
  9690 | D:7      | Learned a level 3 spell: Dazzling Flash
  9815 | D:7      | Noticed a troll
  9913 | D:7      | Killed a troll
  9914 | D:7      | Reached XP level 10. HP: 23/44 MP: 15/15
 10269 | D:7      | Reached * piety under Hepliaklqana
 10273 | D:7      | Noticed Joseph
 10319 | D:7      | Noticed Prince Ribbit
 10324 | D:7      | Killed Prince Ribbit
 10330 | D:7      | Found Fesutafu's Gadget Boutique.
 10605 | D:7      | Killed Joseph
 10606 | D:7      | Reached skill level 9 in Dodging
 10717 | D:8      | Noticed a two-headed ogre
 11140 | D:8      | Killed a two-headed ogre
 11141 | D:8      | Reached skill level 8 in Stealth
 11141 | D:8      | Reached skill level 7 in Hexes
 11291 | D:8      | Reached skill level 9 in Short Blades
 11463 | D:8      | Reached ** piety under Hepliaklqana
 11470 | D:8      | Remembered your ancestor Friggin Spriggan as a hexer
 11624 | D:8      | Found a bloodstained altar of Trog.
 11703 | D:9      | Noticed Maurice
 11888 | D:9      | Reached skill level 1 in Conjurations
 12770 | D:9      | Reached skill level 2 in Conjurations
 12770 | D:9      | Reached skill level 8 in Hexes
 13042 | D:9      | Killed Maurice
 13043 | D:9      | Reached skill level 1 in Shields
 13307 | D:9      | Reached skill level 10 in Short Blades
 13658 | D:10     | Entered Level 10 of the Dungeon
 13667 | D:10     | Reached skill level 2 in Shields
 13742 | D:10     | Reached XP level 11. HP: 34/47 MP: 16/16
 13824 | D:10     | Reached *** piety under Hepliaklqana
 13825 | D:10     | Found Laits's General Store.
 13875 | D:10     | Reached skill level 3 in Shields
 13984 | D:10     | Found a roughly hewn altar of Beogh.
 14565 | D:10     | Found Uluat's Magic Scroll Shop.
 14573 | D:10     | Bought a scroll of identify for 26 gold pieces
 14869 | D:10     | Found a staircase to the Orcish Mines.
 14920 | D:10     | Reached skill level 4 in Spellcasting
 14934 | D:10     | Reached skill level 9 in Stealth
 15111 | D:10     | Found a basalt altar of Yredelemnul.
 15115 | D:10     | Found Juqi Unauda's Antique Weapon Shoppe.
 15125 | D:10     | Identified the Guide on Scorching Transmutation
 15261 | D:7      | Bought a wand of acid (11) for 390 gold pieces
 15348 | D:11     | Noticed a four-headed hydra
 15514 | D:10     | Killed a four-headed hydra
 15515 | D:10     | Reached skill level 9 in Hexes
 15579 | D:11     | Found a staircase to the Lair.
 15621 | D:11     | Found Cijafis's Magic Scroll Shop.
 15630 | D:11     | Bought a scroll of summoning for 171 gold pieces
 15680 | D:11     | Reached skill level 10 in Stealth
 15715 | D:11     | Found a flagged portal.
 15723 | Bailey   | Entered a bailey
 16279 | Bailey   | Found a roughly hewn altar of Beogh.
 16279 | Bailey   | Noticed an orc knight
 16717 | Bailey   | Reached skill level 10 in Hexes
 16771 | Bailey   | Killed an orc knight
 17075 | D:11     | Reached skill level 4 in Shields
 17814 | Lair:1   | Entered Level 1 of the Lair of Beasts
 17879 | Lair:1   | Reached skill level 10 in Dodging
 18017 | Lair:1   | Reached skill level 5 in Fighting
 18044 | Lair:1   | Noticed a five-headed hydra
 18069 | Lair:1   | Killed a five-headed hydra
 18177 | Lair:1   | Reached skill level 11 in Dodging
 18225 | Lair:1   | Reached XP level 12. HP: 54/54 MP: 7/19
 18296 | Lair:1   | Upgraded the game from 0.26-a0-1007-g803384b to
                  | 0.26-a0-1026-g544776a
 18383 | Lair:1   | Noticed Gastronok
 18413 | Lair:1   | Killed Gastronok
 18414 | Lair:1   | Reached skill level 3 in Invocations
 18419 | Lair:1   | Reached skill level 4 in Invocations
 18599 | Lair:1   | Reached skill level 5 in Invocations
 18695 | Lair:1   | Reached skill level 3 in Evocations
 18861 | Lair:1   | Reached **** piety under Hepliaklqana
 19234 | Lair:2   | Learned a level 1 spell: Corona
 19257 | Lair:2   | Reached skill level 12 in Dodging
 19266 | Lair:2   | Reached skill level 4 in Evocations
 19356 | Lair:2   | Reached skill level 5 in Evocations
 19370 | Lair:2   | Reached skill level 5 in Shields
 19732 | Lair:2   | Reached skill level 6 in Shields
 20385 | Lair:2   | Learned a level 6 spell: Statue Form
 20388 | Lair:2   | Learned a level 2 spell: Wereblood
 21055 | Lair:3   | Reached skill level 7 in Shields
 21217 | Lair:3   | Reached skill level 1 in Transmutations
 21224 | Lair:3   | Reached skill level 2 in Transmutations
 21253 | Lair:3   | Reached skill level 3 in Transmutations
 21416 | Lair:3   | Reached ***** piety under Hepliaklqana
 21644 | Lair:4   | Found a staircase to the Swamp.
 21644 | Lair:4   | Noticed a death yak
 21644 | Lair:4   | Noticed a death yak
 21644 | Lair:4   | Noticed a death yak
 21644 | Lair:4   | Noticed a death yak
 21644 | Lair:4   | Noticed a death yak
 21644 | Lair:4   | Noticed a death yak
 21654 | Lair:3   | Reached XP level 13. HP: 50/56 MP: 16/20
 21775 | Lair:4   | Found a transporter.
 21779 | Lair:4   | Found a hole to the Spider Nest.
 21814 | Lair:4   | Reached skill level 4 in Transmutations
 21918 | Lair:4   | araganzar: !ac 7
 21918 | Lair:4   | beem: 3.14 armour skill per 1 AC for 7 base AC
 22019 | Lair:4   | Reached skill level 5 in Transmutations
 22024 | Lair:4   | Reached skill level 1 in Armour
 22120 | Lair:4   | Reached skill level 2 in Armour
 22457 | Lair:4   | Reached skill level 3 in Armour
 22995 | Lair:4   | Found a transporter.
 23000 | Lair:4   | Noticed Laummuim's ghost (journeyman FeFi)
 23220 | Lair:5   | Noticed Snorg
 23810 | Lair:5   | Killed Snorg
 23820 | Lair:5   | Reached skill level 6 in Fighting
 23820 | Lair:5   | Reached skill level 13 in Dodging
 23820 | Lair:5   | Reached skill level 5 in Spellcasting
 25239 | Lair:6   | Entered Level 6 of the Lair of Beasts
 25299 | Lair:6   | Reached skill level 14 in Dodging
 25315 | Lair:6   | Reached skill level 7 in Fighting
 25387 | Lair:6   | Reached skill level 11 in Hexes
 25389 | Lair:6   | Reached XP level 14. HP: 56/64 MP: 13/22
 25558 | Lair:6   | Found a staircase to the Slime Pits.
 25934 | Lair:6   | Reached skill level 11 in Stealth
 26791 | Lair:6   | Reached skill level 12 in Stealth
 26791 | Lair:6   | Reached skill level 12 in Hexes
 26805 | Lair:6   | Reached skill level 2 in Necromancy
 26829 | Lair:6   | Reached skill level 3 in Necromancy
 27621 | D:12     | Reached skill level 6 in Spellcasting
 27844 | D:12     | Reached skill level 6 in Invocations
 27922 | D:12     | Learned a level 4 spell: Cause Fear
 27925 | D:12     | Learned a level 2 spell: Slow
 28103 | D:12     | Noticed Nessos
 28105 | D:12     | Killed Nessos
 28106 | D:12     | Reached skill level 1 in Earth Magic
 28114 | D:12     | Reached ****** piety under Hepliaklqana
 28415 | D:12     | Reached skill level 2 in Earth Magic
 28928 | D:13     | Found a stormy altar of Qazlal.
 29041 | D:13     | Learned a level 1 spell: Beastly Appendage
 29113 | D:13     | Reached skill level 3 in Earth Magic
 29211 | D:13     | Found a gate to the Vaults.
 29367 | D:13     | Found a glowing golden altar of the Shining One.
 29565 | D:13     | Reached skill level 15 in Dodging
 29690 | D:13     | Reached skill level 4 in Earth Magic
 30103 | D:14     | Found a runed translucent gate.
 30103 | D:14     | Found a runed translucent gate.
 30103 | D:14     | Found a runed translucent gate.
 30103 | D:14     | Noticed arb's ghost (journeyman DDBe)
 30156 | D:14     | Reached skill level 6 in Evocations
 30269 | D:14     | Reached XP level 15. HP: 68/68 MP: 19/25
 30532 | D:11     | Bought a scroll of fog for 36 gold pieces
 30532 | D:11     | Bought a scroll of fear for 63 gold pieces
 30532 | D:11     | Bought a scroll of identify for 36 gold pieces
 30532 | D:11     | Identified a scroll of acquirement
 30533 | D:11     | Acquired 988 gold pieces
 30535 | D:11     | Bought a scroll of teleportation for 54 gold pieces
 30686 | D:14     | Reached skill level 7 in Evocations
 31019 | D:14     | Reached skill level 16 in Dodging
 31056 | D:14     | Reached skill level 8 in Evocations
 31271 | D:15     | Entered Level 15 of the Dungeon
 31392 | D:14     | Reached skill level 9 in Evocations
 31704 | D:15     | Reached skill level 6 in Transmutations
 31733 | D:15     | Reached skill level 8 in Fighting
 31865 | D:15     | Reached skill level 7 in Transmutations
 31913 | D:15     | Found a transporter.
 31969 | D:15     | Found a staircase to the Depths.
 32084 | D:15     | Found a transporter.
 32093 | D:15     | Noticed Jiecrehi's ghost (journeyman DDFi)
 32297 | D:15     | Reached skill level 8 in Transmutations
 32305 | D:15     | Killed Jiecrehi's ghost
 32319 | D:15     | Got a heavily runed hat
 32330 | D:15     | Identified the cursed +0 hat of Day {Regen+ Dex+3} (You
                  | found it on level 15 of the Dungeon)
 32608 | Orc:1    | Entered Level 1 of the Orcish Mines
 32639 | Orc:1    | Reached skill level 7 in Spellcasting
 32731 | Orc:1    | You fall into a shaft and drop 1 floor!
 32731 | Orc:2    | Entered Level 2 of the Orcish Mines
 32832 | Orc:2    | Reached skill level 4 in Armour
 33350 | Orc:2    | Acquired a +0 fustibalus of freezing
 33614 | Orc:2    | Identified the Volume of Feathers
 33702 | Orc:2    | Learned a level 1 spell: Apportation
 33706 | Orc:2    | Reached skill level 5 in Armour
 33826 | Orc:2    | Noticed an orc warlord
 33863 | Orc:2    | Killed an orc warlord
 33922 | Orc:2    | Found a roughly hewn altar of Beogh.
 34175 | Orc:2    | HP: 6/69 [orc high priest/divine providence (10)]
 34645 | Orc:1    | Reached skill level 6 in Armour
 34995 | Orc:2    | Found Goojyp Porch's Jewellery Boutique.
 35038 | Orc:2    | Found Homuoj's Antique Armour Shop.
 35045 | Orc:2    | Bought an embroidered robe for 103 gold pieces
 35045 | Orc:2    | Bought a runed hat for 196 gold pieces
 35295 | Orc:2    | Found a roughly hewn altar of Beogh.
 35356 | Orc:2    | Found Jazimud's Antique Armour Boutique.
 35370 | Orc:2    | Found Nunaesich's Distillery.
 35387 | Orc:2    | Bought a potion of might for 60 gold pieces
 35387 | Orc:2    | Bought a potion of heal wounds for 75 gold pieces
 35387 | Orc:2    | Bought a potion of heal wounds for 75 gold pieces
 35387 | Orc:2    | Bought a potion of curing for 45 gold pieces
 35387 | Orc:2    | Bought a potion of curing for 45 gold pieces
 35634 | Orc:2    | Found a staircase to the Elven Halls.
 35808 | Orc:2    | Bought the ring of Fatigue {+Inv rPois rF+ Str+2 Int-3} for
                  | 466 gold pieces
 36262 | Orc:2    | Bought an uncursed ring of protection from cold for 300
                  | gold pieces
 36533 | Orc:2    | Bought a +6 ring of intelligence for 702 gold pieces
 36663 | Lair:1   | Upgraded the game from 0.26-a0-1026-g544776a to
                  | 0.26-a0-1033-gd598b01
 36664 | Lair:1   | Upgraded the game from 0.26-a0-1033-gd598b01 to
                  | 0.26-a0-1035-g76280ab
 36668 | Lair:1   | Learned a level 3 spell: Mephitic Cloud
 36724 | Swamp:1  | Entered Level 1 of the Swamp
 36860 | Swamp:1  | Reached skill level 1 in Air Magic
 36885 | Swamp:1  | Reached XP level 16. HP: 72/72 MP: 6/27
 37048 | Swamp:1  | Found a transporter.
 37085 | Swamp:1  | Reached skill level 2 in Air Magic
 37097 | Swamp:1  | Found a transporter.
 37113 | Swamp:1  | Noticed Piask's ghost (adept FoAK)
 37563 | Spider:1 | Entered Level 1 of the Spider Nest
 37580 | Spider:1 | Reached skill level 5 in Poison Magic
 37689 | Spider:1 | Noticed Aizul
 37695 | Spider:1 | Reached skill level 3 in Air Magic
 37712 | Spider:1 | Killed Aizul
 37969 | Spider:1 | Reached skill level 8 in Spellcasting
 37987 | Spider:1 | Reached skill level 4 in Air Magic
 38205 | Spider:1 | Reached skill level 9 in Transmutations
 38224 | Spider:1 | Reached skill level 5 in Earth Magic
 39163 | Spider:1 | Reached skill level 10 in Transmutations
 39393 | Spider:1 | Reached skill level 6 in Earth Magic
 39653 | Spider:2 | Noticed Arachne
 39665 | Spider:2 | Killed Arachne
 39870 | Spider:2 | Acquired 940 gold pieces
 40015 | Spider:2 | Reached skill level 11 in Transmutations
 40044 | Spider:2 | Reached skill level 7 in Earth Magic
 41424 | Spider:3 | Reached skill level 12 in Transmutations
 41452 | Spider:3 | Reached skill level 8 in Earth Magic
 41851 | Spider:4 | Entered Level 4 of the Spider Nest
 41976 | Spider:4 | Reached skill level 9 in Spellcasting
 41982 | Spider:4 | Reached XP level 17. HP: 76/76 MP: 26/31
 42704 | Spider:4 | Learned a level 4 spell: Petrify
 42725 | Spider:4 | Reached skill level 13 in Transmutations
 42739 | Spider:4 | Reached skill level 9 in Earth Magic
 43868 | Spider:4 | Reached skill level 14 in Transmutations
 44007 | Spider:4 | Reached skill level 10 in Earth Magic
 44361 | Spider:4 | Got a gossamer rune of Zot
 45089 | Lair:1   | Learned a level 4 spell: Animate Dead
 45548 | Swamp:1  | Reached skill level 10 in Spellcasting
 45587 | Swamp:1  | Killed Piask's ghost
 45627 | Swamp:1  | Got a vibrating marble ring
 45628 | Swamp:1  | Identified the ring of the Pariah {Fire *Drain rElec Int+5
                  | Stlth+} (You found it on level 1 of the Swamp)
 45934 | Lair:4   | Upgraded the game from 0.26-a0-1035-g76280ab to
                  | 0.26-a0-1037-g6118fa9
 46005 | Swamp:2  | Learned a level 3 spell: Frozen Ramparts
 46043 | Swamp:2  | Reached skill level 1 in Ice Magic
 46270 | Swamp:2  | Reached skill level 2 in Ice Magic
 46394 | Swamp:2  | Reached skill level 3 in Ice Magic
 46799 | Swamp:3  | Reached skill level 4 in Necromancy
 46917 | Swamp:3  | Found a bloodstained altar of Trog.
 46942 | Swamp:3  | Reached skill level 5 in Necromancy
 47100 | Swamp:3  | Reached XP level 18. HP: 81/81 MP: 26/33
 47347 | Swamp:3  | Reached skill level 6 in Necromancy
 47350 | Swamp:3  | Reached skill level 15 in Transmutations
 47400 | Swamp:3  | araganzar: ??statue_form
 47400 | Swamp:3  | beem: statue form[1/2]: Grants 17 + pow/10 AC, +30% HP.
                  | Makes you take 50% more time to take any action, like the
                  | slow spell. Melds gloves, boots, bardings, and body armour.
                  | Provides rElec, rN+, 50% rTorm, rRot+, and poison immunity.
                  | 12 + unarmed_skill base unarmed damage and 50% bonus on all
                  | melee. Gargoyles can't cast this spell.
 47443 | Swamp:4  | Entered Level 4 of the Swamp
 47443 | Swamp:4  | Identified Roxanne's Disquisition on Moulding
 47443 | Swamp:4  | Noticed Roxanne
 47669 | Swamp:4  | Reached skill level 16 in Transmutations
 47673 | Swamp:4  | Noticed Donald
 47767 | Swamp:4  | Killed Donald
 48027 | Swamp:4  | Got a decaying rune of Zot
 48247 | Swamp:4  | Reached skill level 17 in Dodging
 48280 | Swamp:4  | Reached skill level 9 in Fighting
 48595 | Swamp:4  | Killed Roxanne
 48878 | Vaults:1 | Entered Level 1 of the Vaults
 49417 | Vaults:1 | Reached skill level 4 in Ice Magic
 50198 | Vaults:2 | Reached skill level 11 in Spellcasting
 50315 | Vaults:2 | Found Jopigele's Gadget Shoppe.
 50383 | Vaults:2 | Reached skill level 18 in Dodging
 50383 | Vaults:2 | Reached XP level 19. HP: 70/88 MP: 22/35
 50518 | Vaults:2 | Reached skill level 10 in Fighting
 50744 | Vaults:2 | Found a radiant altar of Vehumet.
 50764 | Vaults:2 | Reached skill level 12 in Spellcasting
 51562 | Vaults:2 | Found a staircase to the Crypt.
 51822 | Vaults:2 | Learned a level 5 spell: Metabolic Englaciation
 51952 | Vaults:3 | Reached skill level 13 in Hexes
 52655 | Vaults:3 | Reached skill level 14 in Hexes
 53060 | Vaults:3 | Reached skill level 19 in Dodging
 53465 | Vaults:4 | Reached skill level 20 in Dodging
 54085 | Vaults:4 | Found a runed translucent gate.
 54127 | Vaults:4 | Noticed a lich
 54127 | Vaults:4 | Noticed Dacon's ghost (adept MiGl)
 54128 | Vaults:4 | Found a runed translucent gate.
 54130 | Vaults:4 | Found a runed translucent gate.
 54456 | Vaults:4 | Killed a lich
 54457 | Vaults:4 | Reached XP level 20. HP: 93/93 MP: 37/37
 54526 | Vaults:4 | Reached skill level 11 in Fighting
 54526 | Vaults:4 | Reached skill level 21 in Dodging
 54526 | Vaults:4 | Reached XP level 21. HP: 98/98 MP: 38/38
 55961 | Elf:1    | Entered Level 1 of the Elven Halls
 56014 | Elf:1    | Reached skill level 22 in Dodging
 56127 | Elf:1    | Reached skill level 12 in Fighting
 56576 | Elf:1    | Reached skill level 7 in Invocations
 56582 | Elf:1    | Reached skill level 13 in Stealth
 57120 | Elf:2    | Found a huge runed translucent gate.
 57123 | Elf:2    | Found a huge runed translucent gate.
 57123 | Elf:2    | Found a huge runed translucent gate.
 57124 | Elf:2    | Found a huge runed translucent gate.
 57125 | Elf:2    | Found a huge runed translucent gate.
 57614 | Elf:2    | Reached skill level 14 in Stealth
 57614 | Elf:2    | Reached skill level 8 in Invocations
 57713 | Elf:2    | Reached skill level 10 in Evocations
 58081 | Elf:2    | Reached skill level 11 in Evocations
 58598 | Elf:3    | Entered Level 3 of the Elven Halls
 58598 | Elf:3    | Noticed Nikola
 58660 | Elf:2    | Killed Nikola
 58661 | Elf:2    | Reached skill level 12 in Evocations
 59015 | Elf:3    | Identified the +5 hand axe of Trog's Respect {flame, Dex+2}
 59318 | Elf:3    | Reached XP level 22. HP: 103/103 MP: 36/39
 59389 | Elf:3    | Reached skill level 13 in Evocations
 59528 | Elf:3    | Found Zaelec's Jewellery Emporium.
 59535 | Elf:3    | Bought the cursed ring of Varoffydu {+Blink rElec rF+ rN+
                  | Dex-4} for 401 gold pieces
 59948 | Elf:3    | Learned a level 5 spell: Silence
 60262 | Elf:3    | Reached skill level 14 in Evocations
 60312 | Elf:3    | Identified the cursed +1 morningstar of Prescription
                  | {flame, rC+ Will+}
 60312 | Elf:3    | Identified the ring of Ataomul {rElec Will+ AC+4}
 60337 | Elf:3    | Identified the +9 war axe "Ungokuir" {holy, rPois}
 60360 | Elf:3    | Reached skill level 5 in Air Magic
 60487 | Elf:3    | Reached skill level 6 in Air Magic
 60561 | Elf:3    | Reached skill level 1 in Long Blades
 60618 | Elf:3    | Reached skill level 2 in Long Blades
 60621 | Elf:3    | Identified the ring "Ogiahoup" {*Drain rElec MP+9 AC+4
                  | Str-5}
 60924 | Elf:3    | Identified the +7 short sword of the Median {vamp, rPois
                  | Int+2 Dex-3}
 60943 | Elf:3    | Identified the cursed +1 dagger "Puuw Tucy" {freeze, rPois
                  | rC+ Int+2}
 60945 | Elf:3    | Reached skill level 3 in Long Blades
 60966 | Elf:3    | Identified the +6 double sword "Transmigrator" {vorpal, rN+
                  | Will- Int+2}
 60980 | Elf:3    | Identified the cursed +1 mace "Nylu" {venom, rPois rF+
                  | Int+3}
 60980 | Elf:3    | Identified the ring "Ywanodax" {Dex+6 SInv}
 61244 | Elf:3    | Identified Lozxias's Grimoire of the Fiery Mountains
 61853 | Lair:1   | Learned a level 4 spell: Dispel Undead
 62003 | Crypt:1  | Entered Level 1 of the Crypt
 62042 | Crypt:1  | Reached skill level 4 in Long Blades
 62079 | Crypt:1  | Reached skill level 13 in Spellcasting
 62461 | Crypt:1  | Reached skill level 5 in Long Blades
 62529 | Crypt:1  | Identified the Volume of Calling
 62723 | Crypt:1  | Learned a level 6 spell: Invisibility
 63275 | Crypt:2  | Reached skill level 6 in Long Blades
 63658 | Crypt:2  | Reached skill level 7 in Long Blades
 64106 | Crypt:3  | Entered Level 3 of the Crypt
 64166 | Crypt:3  | Reached skill level 8 in Long Blades
 64559 | Crypt:3  | Upgraded the game from 0.26-a0-1037-g6118fa9 to
                  | 0.26-a0-1040-gbe3abf3
 64644 | Crypt:3  | Reached skill level 9 in Long Blades
 64683 | Crypt:3  | Found a basalt altar of Yredelemnul.
 64872 | Crypt:3  | Reached XP level 23. HP: 107/107 MP: 41/41
 65193 | Crypt:3  | Reached skill level 10 in Long Blades
 65390 | Crypt:3  | Got a clouded brass ring
 65390 | Crypt:3  | Got a fine amber ring
 65390 | Crypt:3  | Got a heavily runed lead ring
 65493 | Crypt:3  | Identified the ring "Liriolon" {rPois rN+ Int+6 Dex-3
                  | Slay+5} (You found it on level 3 of the Crypt)
 65495 | Crypt:3  | Identified the ring "Viuxe" {rF++ rN+ Int-2 Dex+6} (You
                  | found it on level 3 of the Crypt)
 65497 | Crypt:3  | Identified the ring of Eluudeally {rN+ Dex+3 Slay+2} (You
                  | found it on level 3 of the Crypt)
 65694 | Crypt:3  | Reached skill level 11 in Long Blades
 65761 | Crypt:3  | Noticed Jory
 65774 | Crypt:3  | Killed Jory
 65915 | Crypt:3  | Found a staircase to the Tomb.
 66499 | D:7      | Bought a wand of iceblast (7) for 143 gold pieces
 66499 | D:7      | Bought a wand of digging (4) for 208 gold pieces
 66499 | D:7      | Bought a wand of iceblast (8) for 156 gold pieces
 66593 | D:10     | Bought a scroll of fog for 26 gold pieces
 66593 | D:10     | Bought a scroll of teleportation for 39 gold pieces
 66593 | D:10     | Bought a scroll of teleportation for 39 gold pieces
 66593 | D:10     | Bought a scroll of blinking for 97 gold pieces
 66593 | D:10     | Bought a scroll of blinking for 97 gold pieces
 66593 | D:10     | Bought a scroll of holy word for 97 gold pieces
 66658 | D:10     | Bought 2 potions of brilliance for 112 gold pieces
 66938 | D:6      | Killed waywinkle's ghost
 67283 | D:14     | Killed arb's ghost
 67358 | Depths:1 | Entered Level 1 of the Depths
 67430 | Depths:1 | Reached skill level 12 in Long Blades
 67689 | Depths:1 | Reached skill level 15 in Stealth
 67766 | Depths:1 | Noticed Saint Roka
 67784 | Depths:1 | Killed Saint Roka
 67924 | Depths:1 | Found a gateway to Hell.
 68203 | Depths:1 | Reached skill level 16 in Stealth
 68253 | Depths:1 | Learned a level 2 spell: Blink
 69272 | Depths:2 | Found an ancient bone altar of Kikubaaqudgha.
 69272 | Depths:2 | Noticed an ancient lich
 69364 | Depths:2 | Killed an ancient lich
 69365 | Depths:2 | Reached skill level 15 in Hexes
 69448 | Depths:2 | Reached XP level 24. HP: 93/111 MP: 37/41
 69637 | Depths:2 | Reached skill level 14 in Spellcasting
 69782 | Depths:2 | Got a clouded jade ring
 69783 | Depths:2 | Identified the ring "Dicudid" {rPois rC+} (You found it on
                  | level 2 of the Depths)
 69887 | Depths:2 | Found Rudath's General Store.
 69887 | Depths:2 | Found Viygaxt's Assorted Antiques.
 69891 | Depths:2 | Found Fiecaf's Armour Shop.
 69895 | Depths:2 | Bought a potion of heal wounds for 115 gold pieces
 69895 | Depths:2 | Bought a potion of haste for 230 gold pieces
 69895 | Depths:2 | Bought a scroll of fear for 80 gold pieces
 69906 | Depths:2 | Found a gateway to a ziggurat.
 70073 | Depths:2 | Reached skill level 16 in Hexes
 70580 | Depths:2 | Found a corrupted altar of Lugonu.
 70872 | Depths:3 | Reached skill level 13 in Long Blades
 70874 | Depths:3 | Reached skill level 17 in Stealth
 70901 | Depths:3 | Noticed Mara
 70918 | Depths:3 | Found Sixkyxt's Weapon Boutique.
 70928 | Depths:3 | Got a heavily runed brass ring
 70932 | Depths:3 | Identified the ring of Foolhardiness {*Tele Int+3} (You
                  | found it on level 3 of the Depths)
 70951 | Depths:3 | Found Fihak's General Store.
 70959 | Depths:3 | Bought a potion of heal wounds for 80 gold pieces
 70959 | Depths:3 | Bought a +0 cloak of willpower for 184 gold pieces
 70991 | Depths:3 | Found a one-way gate leading to the halls of Pandemonium.
 71040 | Depths:3 | Found a flickering gateway to a bazaar.
 71050 | Bazaar   | Entered a bazaar
 71050 | Bazaar   | Found Esaidum's Distillery.
 71050 | Bazaar   | Found Epeefuar's Magic Scroll Boutique.
 71050 | Bazaar   | Found Gyrhokk's Distillery.
 71050 | Bazaar   | Found Foept's Magic Scroll Boutique.
 71050 | Bazaar   | Found Lethroj's Gadget Shop.
 71056 | Bazaar   | Bought a potion of might for 48 gold pieces
 71056 | Bazaar   | Bought a potion of might for 48 gold pieces
 71056 | Bazaar   | Bought a potion of haste for 120 gold pieces
 71056 | Bazaar   | Bought a potion of haste for 120 gold pieces
 71056 | Bazaar   | Bought a potion of heal wounds for 60 gold pieces
 71062 | Bazaar   | Bought a scroll of enchant weapon for 90 gold pieces
 71063 | Bazaar   | Bought a scroll of holy word for 90 gold pieces
 71063 | Bazaar   | Bought a scroll of fog for 24 gold pieces
 71065 | Bazaar   | Bought a potion of resistance for 110 gold pieces
 71065 | Bazaar   | Bought a potion of resistance for 110 gold pieces
 71065 | Bazaar   | Bought a potion of invisibility for 88 gold pieces
 71065 | Bazaar   | Bought 2 potions of heal wounds for 110 gold pieces
 71065 | Bazaar   | Bought a potion of brilliance for 44 gold pieces
 71065 | Bazaar   | Bought a potion of mutation for 88 gold pieces
 71067 | Bazaar   | Bought a scroll of enchant armour for 75 gold pieces
 71067 | Bazaar   | Bought a scroll of enchant weapon for 75 gold pieces
 71206 | Depths:3 | Found Vafys's Gadget Shop.
 71209 | Depths:3 | Bought a wand of acid (7) for 330 gold pieces
 71304 | Depths:3 | Reached skill level 1 in Translocations
 71407 | Depths:3 | Reached skill level 2 in Translocations
 71697 | Depths:3 | Reached skill level 3 in Translocations
 72038 | Depths:3 | Reached skill level 4 in Translocations
 72153 | Depths:3 | Found a radiant altar of Vehumet.
 72153 | Depths:3 | Noticed Frederick
 72165 | Depths:3 | Killed Frederick
 72166 | Depths:3 | Reached skill level 5 in Translocations
 72266 | Depths:3 | Reached skill level 6 in Translocations
 72272 | Depths:3 | Identified the ring of Aproesm {rElec rF+ Will- Int+9 SInv}
 72291 | Depths:3 | Acquired the +0 buckler of Jedigg {+Blink Will+}
 72440 | Depths:3 | Reached skill level 7 in Translocations
 72526 | Depths:3 | Reached skill level 15 in Spellcasting
 72546 | Depths:3 | Learned a level 5 spell: Summon Mana Viper
 72620 | Depths:3 | Noticed araganzar's illusion
 72630 | Depths:3 | Killed Mara
 72990 | Lair:1   | Learned a level 6 spell: Iron Shot
 73205 | Depths:4 | Noticed Margery
 73447 | Depths:4 | Identified the ring of the Harvest {Ice rN++ Str+2}
 73647 | Depths:4 | Found a runed translucent door.
 73647 | Depths:4 | Found a runed translucent door.
 73724 | Depths:4 | Found a burning altar of Makhleb.
 73789 | Depths:4 | Killed Margery
 73790 | Depths:4 | Reached skill level 3 in Conjurations
 73891 | Depths:4 | Identified the +3 chain mail of Valour {rPois rC+ Dex+4}
 73929 | Depths:4 | Found a one-way gate to the infinite horrors of the Abyss.
 73980 | Depths:4 | Reached skill level 16 in Spellcasting
 74055 | Depths:4 | Reached skill level 4 in Conjurations
 74223 | Depths:4 | You fall into a shaft and drop 1 floor!
 74223 | Depths:5 | Entered Level 5 of the Depths
 74259 | Depths:5 | Reached XP level 25. HP: 115/115 MP: 42/44
 74279 | Depths:5 | Upgraded the game from 0.26-a0-1040-gbe3abf3 to
                  | 0.26-a0-1042-g613af4b
 74318 | Depths:4 | Reached skill level 11 in Earth Magic
 74331 | Depths:4 | Reached skill level 1 in Summonings
 74928 | Depths:4 | Reached skill level 2 in Summonings
 75262 | Depths:4 | Reached skill level 5 in Conjurations
 75516 | Depths:5 | Reached skill level 3 in Summonings
 75740 | Depths:5 | Reached skill level 4 in Summonings
 75773 | Depths:5 | Reached skill level 6 in Conjurations
 75960 | Depths:5 | Reached skill level 5 in Summonings
 76077 | Depths:5 | Found a gate to the Realm of Zot.
 76479 | Depths:5 | Reached skill level 7 in Conjurations
 76503 | Depths:5 | Reached skill level 6 in Summonings
 76629 | Depths:5 | Reached skill level 8 in Conjurations
 76798 | Depths:5 | Reached skill level 7 in Summonings
 77234 | Lair:1   | Learned a level 7 spell: Spellforged Servitor
 77473 | Vaults:5 | Entered Level 5 of the Vaults
 77579 | Vaults:5 | Reached skill level 8 in Summonings
 77838 | Vaults:5 | Reached skill level 9 in Summonings
 77958 | Vaults:5 | Reached XP level 26. HP: 119/119 MP: 35/44
 77970 | Vaults:5 | Acquired the ring of Afuko {Wiz Int+4 Stlth+}
 78060 | Vaults:5 | Identified the amulet of Wirch {Regen+ Int+4 Dex+4}
 78074 | Vaults:5 | Reached skill level 9 in Conjurations
 78103 | Vaults:5 | Identified the +9 arbalest "Taar Ypn" {elec, Will+}
 78111 | Vaults:5 | Identified the ring "Fysan" {*Drain *Slow rF++ rN+ Dex+6}
 78134 | Vaults:5 | Reached skill level 10 in Summonings
 78256 | Vaults:5 | Identified the +4 fustibalus of Dim Light {vorpal, rC- MP+9
                  | Str+4}
 78388 | Vaults:5 | Noticed an ancient lich
 78399 | Vaults:5 | Identified the Grimoire of Poisonous Stolen Souls
 78435 | Vaults:5 | Reached skill level 10 in Conjurations
 78780 | Vaults:5 | Killed an ancient lich
 78981 | Vaults:5 | Got a silver rune of Zot
 79165 | Vaults:5 | Identified the Grimoire of Bewitchment and the Escort
 79228 | Vaults:5 | Reached skill level 11 in Conjurations
 80053 | Zot:1    | Entered Level 1 of the Realm of Zot
 80208 | Zot:1    | Acquired the +1 hat "Sesaceps" {rPois Int+5}
 80424 | Depths:1 | Reached skill level 17 in Spellcasting
 80559 | Lair:1   | Learned a level 8 spell: Lehudib's Crystal Spear
 80567 | Lair:1   | Learned a level 6 spell: Freezing Cloud
 80575 | Lair:1   | Learned a level 7 spell: Malign Gateway
 80788 | Depths:4 | Voluntarily entered the Abyss.
 80955 | Abyss:3  | Reached skill level 11 in Summonings
 81239 | Abyss:3  | Reached skill level 8 in Translocations
 81399 | Abyss:3  | Found a corrupted altar of Lugonu.
 81623 | Abyss:3  | Reached skill level 9 in Translocations
 81626 | Abyss:3  | Got an abyssal rune of Zot
 81787 | Depths:4 | Escaped the Abyss
 82093 | Zot:1    | Noticed an orb of fire
 82205 | Zot:1    | Reached XP level 27. HP: 123/123 MP: 34/45
 82209 | Zot:1    | Reached skill level 12 in Earth Magic
 82343 | Zot:1    | Learned a level 4 spell: Passage of Golubria
 82729 | Zot:2    | Reached skill level 18 in Spellcasting
 82733 | Zot:2    | Reached skill level 12 in Conjurations
 83041 | Zot:2    | Reached skill level 10 in Translocations
 83265 | Zot:2    | Reached skill level 18 in Stealth
 83427 | Zot:3    | Reached skill level 11 in Translocations
 83483 | Zot:3    | Reached skill level 12 in Translocations
 84012 | Zot:3    | Learned a level 6 spell: Iron Shot
 84170 | Zot:5    | Entered Level 5 of the Realm of Zot
 84354 | Zot:4    | Found a transporter.
 84543 | Zot:4    | Reached skill level 7 in Necromancy
 84613 | Zot:4    | Reached skill level 19 in Spellcasting
 84661 | Zot:4    | Reached skill level 13 in Fighting
 84703 | Zot:4    | Found a transporter.
 84948 | Zot:4    | Reached skill level 8 in Necromancy
 85729 | Zot:5    | Reached skill level 13 in Earth Magic
 85739 | Zot:5    | Learned a level 6 spell: Death Channel
 85973 | Zot:5    | Reached skill level 20 in Spellcasting
 86052 | Zot:5    | Noticed an orb of fire
 86062 | Zot:5    | Killed an orb of fire
 86232 | Zot:5    | Gained mutation: Armour fits poorly on your strangely
                  | shaped body. [mutagenic glow]
 86240 | Zot:5    | Gained mutation: You are clumsy. (Dex -2) [mutagenic glow]
 86274 | Zot:5    | Noticed an ancient lich
 86283 | Zot:5    | Killed an ancient lich
 86404 | Zot:5    | Reached skill level 8 in Shields
 86453 | Zot:5    | Reached skill level 23 in Dodging
 86549 | Zot:5    | Got the Orb of Zot
 86848 | Depths:2 | Cast into level 3 of the Abyss (reaper)
 86882 | Depths:2 | Escaped the Abyss
 87334 | D:1      | Noticed Tyuxzeinau the pandemonium lord
 87339 | D:$      | Escaped with the Orb!

Vanquished Creatures
  3 ancient liches
  Mara (Depths:3)
  Margery (Depths:4)
  Saint Roka (Depths:1)
  2 curse toes
  7 golden dragons
  2 profane servitors
  Nikola (Elf:2)
  3 bone dragons
  Jory (Crypt:3)
  Arachne (Spider:2)
  2 electric golems
  9 tentacled monstrosities
  4 liches
  17 Orb Guardians
  2 titans (Vaults:5)
  7 quicksilver dragons
  2 deep elf blademasters (Elf:3)
  2 deep elf master archers (Elf:3)
  3 sphinxes (Vaults:5)
  5 death cobs
  Gastronok (Lair:1)
  4 tentacled starspawn
  An ancient champion (Crypt:3)
  The ghost of Piask the Bludgeoner, an adept FoAK of Lugonu (Swamp:1)
  5 shadow dragons
  A thorn hunter (Swamp:3)
  9 tengu reavers
  8 storm dragons
  3 revenants
  Roxanne (Swamp:4)
  A fenstrider witch (Swamp:3)
  Donald (Swamp:4)
  3 draconian monks
  10 frost giants
  5 fire giants
  6 deep elf sorcerers
  11 vault wardens
  6 draconian scorchers
  4 draconian knights
  5 ghost moths
  Aizul (Spider:1)
  An orc warlord (Orc:2)
  The ghost of arb the Tortoise, a journeyman DDBe of Trog (D:14)
  3 ghouls
  3 draconian shifters
  6 deep elf elementalists
  4 draconian stormcallers
  3 emperor scorpions
  27 very ugly things
  A curse skull (Crypt:1)
  4 draconian annihilators
  4 war gargoyles
  A starcursed mass (Abyss:3)
  4 spriggan defenders
  The ghost of Jiecrehi the Severer, a journeyman DDFi of Makhleb (D:15)
  19 stone giants
  8 ironheart preservers
  4 reapers (Depths:2)
  8 green draconians
  8 black draconians
  13 vampire knights
  Nessos (D:12)
  7 deep elf annihilators
  5 deep elf demonologists
  6 entropy weavers
  10 red draconians
  11 purple draconians
  10 yellow draconians
  3 dire elephants (Lair:6)
  A bunyip (Swamp:1)
  A spark wasp (shapeshifter) (Vaults:5)
  9 white draconians
  6 eleionomae
  14 ettins
  2 spark wasps (Spider:4)
  20 deep elf death magi
  5 statues (Depths:3)
  Snorg (Lair:5)
  A merfolk impaler (Depths:1)
  15 yaktaur captains
  19 jiangshi
  2 shambling mangroves
  4 deep elf high priests
  6 fire dragons
  A fire dragon (shapeshifter) (Depths:4)
  7 great orbs of eyes
  27 vault guards
  17 ice dragons
  4 rakshasas
  A spectral tengu (Vaults:4)
  9 boulder beetles
  An anaconda (Lair:6)
  A hell beast (Depths:5)
  A hydra (shapeshifter) (Vaults:5)
  A quicksilver dragon skeleton (Depths:2)
  7 death knights
  2 ghost crabs
  5 centaur warriors
  4 spriggan air magi
  A spectral human (Vaults:4)
  17 hydras
  11 ogre magi
  24 dancing weapons
  A spectral stone giant (Vaults:4)
  6 tengu warriors
  5 alligators
  28 two-headed ogres
  10 deep troll shamans
  6 vampire magi
  A spectral storm dragon (Vaults:4)
  9 large abominations
  7 death yaks
  11 deep troll earth magi
  A queen ant (Spider:4)
  A thrashing horror (Abyss:3)
  18 deep elf knights
  4 spriggan berserkers
  5 soul eaters
  A sun demon (Abyss:3)
  3 orc high priests (Orc:2)
  5 iron trolls
  A spectral yaktaur (Vaults:4)
  A storm dragon zombie (Abyss:3)
  2 titan skeletons (Depths:2)
  6 shadow wraiths
  A wretched star (Abyss:3)
  A spatial maelstrom (Abyss:3)
  A sixfirhy (Depths:3)
  The ghost of waywinkle the Digger, a novice OgEE of Cheibriados (D:6)
  A storm dragon skeleton (Depths:2)
  22 skeletal warriors
  A spark wasp zombie (Depths:2)
  9 flayed ghosts
  36 deep trolls
  3 unseen horrors
  8 hell knights
  An entropy weaver zombie (Crypt:2)
  18 deep elf archers
  9 bog bodies
  6 spriggan druids
  A shadow demon (Abyss:3)
  11 swamp dragons
  6 goliath frogs
  A glowing orange brain (Depths:4)
  11 wizards
  5 phantasmal warriors
  8 ironbrand convokers
  A lindwurm (shapeshifter) (Elf:1)
  18 orc knights
  10 necromancers
  24 orb spiders
  A sphinx zombie (Crypt:2)
  2 tengu zombies (Depths:2)
  49 ugly things
  An iron dragon zombie (Depths:2)
  5 manticores
  33 wolf spiders
  72 deep elf magi
  10 orc sorcerers
  A shining eye (shapeshifter) (Vaults:5)
  2 stone giant zombies (Depths:2)
  A sphinx skeleton (Depths:2)
  A tengu skeleton (Depths:2)
  5 cyclopes
  A spectral ettin (Vaults:4)
  A will-o-the-wisp (Swamp:4)
  A frost giant skeleton (Depths:2)
  A fire giant skeleton (Depths:2)
  A centaur zombie (D:14)
  Joseph (D:7)
  11 vault sentinels
  5 black mambas
  3 smoke demons (Abyss:3)
  16 elephants
  A titan simulacrum (Crypt:3)
  14 moths of wrath
  Maurice (D:9)
  A spectral elf (Vaults:4)
  2 spriggan zombies (Depths:2)
  A guardian serpent (shapeshifter) (Elf:2)
  A guardian serpent (Abyss:3)
  14 cane toads
  4 gargoyles
  A spriggan skeleton (Depths:2)
  4 torpor snails
  A cane toad (shapeshifter) (Vaults:4)
  10 small abominations
  5 spectral swamp worms (Depths:2)
  2 centaur skeletons
  3 kobold demonologists (D:13)
  A yaktaur (shapeshifter) (Depths:1)
  2 rime drakes (Lair:2)
  7 freezing wraiths
  26 yaktaurs
  A tormentor (Depths:3)
  15 demonic crawlers
  A green draconian skeleton (Crypt:1)
  8 komodo dragons
  A red devil (Depths:3)
  2 elf skeletons (Depths:2)
  2 jumping spiders (shapeshifter)
  3 ancient zymes (Abyss:3)
  18 jumping spiders
  A troll (shapeshifter) (Depths:2)
  5 trolls
  A meliai (shapeshifter) (Vaults:4)
  A queen bee (Lair:2)
  A merfolk (shapeshifter) (Vaults:5)
  An iron troll skeleton (Crypt:2)
  3 polar bears
  24 hornets
  9 tyrant leeches
  A moth of wrath zombie (Crypt:2)
  3 shadow dragon simulacra
  A wind drake (shapeshifter) (Vaults:3)
  Grinder (D:6)
  A tengu simulacrum (Depths:2)
  A sphinx simulacrum (Vaults:4)
  8 blink frogs
  A blink frog (shapeshifter) (Vaults:3)
  Prince Ribbit (D:7)
  A death drake skeleton (Crypt:1)
  A hydra skeleton (Abyss:1)
  2 fire giant simulacra (Depths:2)
  A frost giant simulacrum (Depths:2)
  An alligator zombie (Crypt:2)
  A raiju (shapeshifter) (Vaults:4)
  24 slime creatures
  A dream sheep (shapeshifter) (Depths:4)
  A satyr zombie (Crypt:1)
  51 flying skulls
  57 redbacks
  2 air elementals
  5 shadows
  A ynoxinul (Abyss:3)
  14 fire elementals
  6 water elementals
  2 black mamba skeletons (Crypt:1)
  2 ettin skeletons
  15 spriggans
  5 humans (D:7)
  34 tarantellas
  A basilisk (shapeshifter) (Vaults:4)
  A hog (shapeshifter) (Vaults:4)
  2 spriggan simulacra (Depths:2)
  6 wraiths
  36 yaks
  A golden eye (shapeshifter) (Vaults:2)
  4 golden eyes (Abyss:3)
  5 basilisks
  5 human simulacra
  13 wyverns
  A catoblepas simulacrum (Abyss:3)
  A human (shapeshifter) (Depths:2)
  A neqoxec (Abyss:3)
  An elf simulacrum (Depths:2)
  An acid dragon (shapeshifter) (Depths:1)
  4 vampire mosquitoes
  4 chaos spawn
  An insubstantial wisp (Abyss:3)
  A steam dragon (D:11)
  4 acid dragons
  10 swamp worms
  5 wargs
  Edmund (D:6)
  19 soldier ants
  14 water moccasins
  A soldier ant (shapeshifter) (Depths:1)
  A gelid demonspawn skeleton (Crypt:1)
  2 human zombies
  8 hexers
  A black bear (D:6)
  63 orc warriors
  4 sky beasts
  3 ettin simulacra
  5 swamp drakes
  2 ice beasts (D:12)
  13 wolves
  36 ogres
  2 eyes of draining
  A phantom (D:8)
  4 necrophages
  15 boggarts
  A cane toad skeleton (Crypt:1)
  An ogre (shapeshifter) (Vaults:4)
  28 centaurs
  16 big kobolds
  A rime drake skeleton (Crypt:2)
  A gnoll sergeant (Orc:2)
  20 bullfrogs
  2 earth elementals (Elf:2)
  A water moccasin zombie (Crypt:1)
  A wyvern skeleton (D:10)
  2 scorpions
  34 killer bees
  8 wights
  A yak skeleton (Crypt:1)
  6 howler monkeys
  6 jellies
  3 bullfrog zombies
  7 hounds
  2 quasits
  31 orc priests
  3 bullfrog skeletons
  An iron imp (Abyss:3)
  19 orc wizards
  An iguana (Lair:4)
  Crazy Yiuf (D:3)
  30 worker ants
  A hound skeleton (D:4)
  Robin (D:4)
  A worker ant zombie (D:4)
  9 gnolls
  2 howler monkey skeletons
  11 adders
  2 river rats (Lair:3)
  2 shadow imps (D:5)
  14 white imps
  An ufetubus (Abyss:3)
  8 oozes
  An iguana zombie (Crypt:1)
  An adder skeleton (D:6)
  8 worms
  A dart slug (D:1)
  2 leopard geckos
  151 orcs
  A ball python (D:2)
  5 giant cockroaches
  26 goblins
  11 hobgoblins
  3 jackals (D:1)
  6 quokkas
  A ball python zombie (Crypt:2)
  3 bats
  4 frilled lizards
  A giant cockroach zombie (D:5)
  2 jackal zombies
  16 kobolds
  A leopard gecko skeleton (D:4)
  A quokka zombie (D:4)
  5 rats
  A crawling corpse (Vaults:5)
  3 fire vortices (Depths:3)
  A macabre mass (Depths:5)
2436 creatures vanquished.

Vanquished Creatures (collateral kills)
  An orb of fire (Zot:5)
  Frederick (Depths:3)
  A caustic shrike (Depths:4)
  4 Killer Klowns (Zot:5)
  A curse toe (Zot:3)
  4 golden dragons
  An electric golem (Zot:5)
  4 Orb Guardians (Zot:5)
  5 tentacled monstrosities
  A quicksilver dragon (Zot:2)
  3 titans (Vaults:5)
  3 death cobs (Zot:1)
  An Executioner (Depths:5)
  An ancient champion (Crypt:2)
  A tentacled starspawn (Abyss:3)
  A sphinx (Vaults:5)
  4 shadow dragons
  5 storm dragons
  A draconian monk (Depths:5)
  An azure jelly (shapeshifter) (Depths:2)
  A deep elf sorcerer (Elf:3)
  3 draconian scorchers (Zot:3)
  A draconian shifter (Zot:4)
  A curse skull (Crypt:2)
  A ghost moth (Spider:4)
  2 vault wardens
  A ghoul (Crypt:2)
  An iron dragon (Depths:4)
  A deep elf elementalist (Elf:3)
  2 ironheart preservers
  2 very ugly things (Depths:4)
  A draconian annihilator (Zot:4)
  2 spriggan defenders
  A stone giant (Depths:5)
  A vampire knight (Crypt:3)
  A juggernaut skeleton (Depths:2)
  A deep elf demonologist (Elf:3)
  A purple draconian (Depths:5)
  An entropy weaver (shapeshifter) (Vaults:5)
  A black draconian (Zot:1)
  2 dire elephants (Lair:6)
  A yellow draconian (Zot:4)
  2 deep elf annihilators
  A green draconian (Depths:5)
  2 bunyips
  3 red draconians (Zot:3)
  A statue (Depths:3)
  An eidolon (Crypt:1)
  2 eleionomae (Swamp:3)
  A fire dragon (Depths:4)
  A merfolk impaler (Abyss:3)
  2 ettins
  2 blizzard demons (Abyss:3)
  3 jiangshi
  2 deep elf death magi
  2 yaktaur captains
  A great orb of eyes (shapeshifter) (Vaults:4)
  A rakshasa (Depths:1)
  5 vault guards (Vaults:5)
  A naga warrior (Abyss:3)
  A hell beast (D:8)
  3 hydras (Swamp:4)
  3 spriggan air magi
  3 two-headed ogres
  2 ogre magi
  A death knight (Crypt:2)
  7 dancing weapons
  3 alligators
  A deep troll earth mage (Depths:3)
  A deep troll shaman (Depths:5)
  A death yak (Lair:4)
  2 thrashing horrors (Abyss:3)
  4 deep elf knights
  2 wretched stars (Abyss:3)
  2 hell knights (Depths:5)
  3 shadow wraiths
  A spatial maelstrom (Abyss:3)
  A spriggan druid (Swamp:1)
  A sixfirhy (Abyss:3)
  An unseen horror (D:14)
  2 skeletal warriors (Crypt:3)
  A goliath frog (Swamp:1)
  2 swamp dragons
  3 bog bodies (Swamp:4)
  7 deep trolls
  3 orc knights
  A phantasmal warrior (Vaults:5)
  2 deep elf archers
  3 necromancers
  3 ironbrand convokers
  An iron dragon zombie (Abyss:3)
  An orb spider (Spider:3)
  13 deep elf magi
  A spectral fire dragon (Crypt:3)
  6 ugly things
  3 wolf spiders
  A will-o-the-wisp (Swamp:4)
  3 worldbinders (Abyss:3)
  2 cyclopes (D:14)
  2 elephants (Lair:4)
  3 moths of wrath
  3 vault sentinels
  4 smoke demons (Abyss:3)
  An orange demon (Depths:3)
  A cane toad (Lair:5)
  A torpor snail (Spider:4)
  4 yaktaurs (Vaults:4)
  A freezing wraith (Crypt:1)
  A rime drake (Lair:5)
  An efreet (Zot:3)
  A tormentor (D:8)
  A troll (D:7)
  An ancient zyme (Abyss:1)
  A red devil (Abyss:3)
  A jumping spider (shapeshifter) (Vaults:3)
  6 large abominations
  5 hornets
  A raiju (shapeshifter) (Vaults:2)
  3 raiju (Abyss:3)
  5 blink frogs
  A spriggan zombie (Depths:2)
  9 flying skulls
  2 air elementals
  2 tarantellas
  10 redbacks
  A water elemental (Depths:1)
  A human (D:7)
  5 yaks
  8 fire elementals (Zot:3)
  A neqoxec (Zot:3)
  3 spatial vortices (Abyss:3)
  4 swamp worms
  An acid dragon (D:15)
  A soldier ant (Spider:4)
  2 wargs
  A naga (Abyss:3)
  4 water moccasins
  5 small abominations
  6 swamp drakes
  A black bear (D:12)
  An ice beast (D:9)
  An eye of draining (Abyss:3)
  2 ogres
  7 orc warriors
  A snapping turtle zombie (Crypt:1)
  An elf zombie (Vaults:2)
  A necrophage (Crypt:3)
  2 boggarts (Depths:3)
  A big kobold (D:6)
  6 killer bees
  A wight (D:11)
  2 hounds
  2 jellies (Lair:6)
  3 orc priests
  2 orc wizards
  A gnoll (D:11)
  An adder (Lair:4)
  20 orcs
  2 crawling corpses
  A starspawn tentacle (Abyss:3)
380 creatures vanquished.

Vanquished Creatures (others)
  A tentacled monstrosity (Vaults:5)
  An eldritch tentacle (Zot:3)
  A tengu reaver (Depths:4)
  A fire giant (Depths:3)
  A deep elf demonologist (Vaults:2)
  2 deep elf high priests (Elf:3)
  A two-headed ogre (Depths:4)
  A deep troll earth mage (Depths:4)
  A deep elf knight (Elf:3)
  A goliath frog (Swamp:2)
  An orb spider (Spider:1)
  A necromancer (Depths:2)
  4 deep elf magi
  A bloated husk (Swamp:4)
  A polar bear (Lair:6)
  A tarantella (Spider:4)
  A swamp drake (Swamp:4)
  A centaur (D:11)
  A big kobold (D:6)
  77 hexers
  2 ancestors
  An orc (Bailey)
  2 bushes
  A crawling corpse (Elf:3)
  7 foxfires (Swamp:4)
  73 fungi
  91 plants
  9 starspawn tentacles
  6 toadstools (D:6)
292 creatures vanquished.

Grand Total: 3108 creatures vanquished
